 Dungeon Crawl Stone Soup version 0.27-a0-1144-g0b7d3b79db (webtiles) character file.

Game seed: 12522523692778984288

16875 omniraptor the Martial Artist (level 12, -3/91 HPs)
             Began as a Red Draconian Transmuter on May 10, 2021.
             Was an Initiate of Gozag.
             Slain by a komodo dragon (24 damage)
             ... on level 3 of the Lair of Beasts.
             The game lasted 00:55:05 (16413 turns).

omniraptor the Martial Artist (DrTm)               Turns: 16413, Time: 00:55:06

Health: -3/91      AC: 14    Str: 14    XL:     12   Next: 13%
Magic:  25/25      EV: 15    Int: 15    God:    Gozag
Gold:   2358       SH:  0    Dex: 14    Spells: 14/29 levels left

rFire    + . .     SeeInvis .     - Unarmed
rCold    . . .     Faith    .   (no shield)
rNeg     . . .     Spirit   .   (armour unavailable)
rPois    +         Reflect  .   (helmet currently unavailable)
rElec    .         Harm     .   M - +1 cloak {Stlth+}
rCorr    .         Rampage  .   (no gloves)
Will     .....                  (boots currently unavailable)
Stlth    ++++......             x - amulet of the acrobat
HPRegen  0.25/turn              q - +4 ring of protection
MPRegen  0.19/turn              c - ring of Absolutism {Contam Fly rPois Int+4}

@: short of breath, appendages, wereblooded, gold aura, flying
A: horns 2, talons 2, breathe fire, AC +8, unfitting armour, fire resistance 1,
cold-blooded, dopey 2
a: Breathe Fire, End Transformation, Renounce Religion, Potion Petition, Call
Merchant, Bribe Branch


You were on level 3 of the Lair of Beasts.
You worshipped Gozag.
Gozag was most pleased with you.
You had temporarily grown beastly horns and talons.
You visited 2 branches of the dungeon, and saw 13 of its levels.
You visited the Abyss 3 times.
You also visited: Volcano.

You collected 2523 gold pieces.
You spent 165 gold pieces at shops.

Inventory:

Hand Weapons
 k - the +7 mace "Qeuvesi Qugy" {vorpal, Drain rC+++ Will+ Str+4}
   (You took it off a centaur on level 9 of the Dungeon)

   It inflicts extra damage upon your enemies.
   It affects your strength (+4).
   It renders you almost immune to cold.
   It drains your maximum health when unequipped.
   It increases your willpower.
 E - a +2 quarterstaff of flaming
 I - the +7 rapier "Vieggy" {elec, +Rage rF+ Stlth+}
   (You found it on level 10 of the Dungeon)

   Occasionally, upon striking a foe, it can discharge electrical energy and
   cause terrible harm.
   It protects you from fire.
   It lets you go berserk.
   It makes you more stealthy.
Missiles
 j - 45 poisoned darts (quivered)
 F - a curare-tipped dart
Armour
 b - a +1 hat (melded)
 o - a +1 cloak
 z - a +0 pair of boots (melded)
 M - a +1 cloak of stealth (worn)
Jewellery
 c - the ring of Absolutism (right hand) {Contam Fly rPois Int+4}
   (You acquired it on level 4 of the Dungeon)

   [ring of flight]

   It affects your intelligence (+4).
   It protects you from poison.
   It grants you flight.
   It causes magical contamination when unequipped.
 q - a +4 ring of protection (left hand)
 u - an amulet of reflection
 x - an amulet of the acrobat (around neck)
 B - a +6 ring of intelligence
 J - a +6 ring of intelligence
 L - a ring of protection from fire
Wands
 l - a wand of mindburst (10)
 m - a wand of polymorph (10)
 t - a wand of flame (14)
Scrolls
 a - a scroll of vulnerability
 d - 5 scrolls of teleportation
 e - a scroll of enchant armour
 g - 3 scrolls of summoning
 p - 4 scrolls of immolation
 s - a scroll of brand weapon
 v - 2 scrolls of identify
 y - a scroll of magic mapping
 A - 3 scrolls of blinking
 C - 2 scrolls of fog
 K - 2 scrolls of fear
Potions
 f - 2 potions of curing
 h - 2 potions of heal wounds
 i - a potion of resistance
 n - a potion of magic
 r - a potion of brilliance
 w - 2 potions of berserk rage
 D - a potion of attraction
 G - a potion of flight
 H - a potion of cancellation


   Skills:
 + Level 4.1 Fighting
 + Level 0.2 Throwing
 + Level 6.8 Dodging
 - Level 5.0 Stealth
 + Level 11.5 Unarmed Combat
 + Level 9.0 Spellcasting
 + Level 9.1 Transmutations
 - Level 3.0 Ice Magic
 - Level 1.0 Poison Magic
 - Level 0.2 Evocations


You had 14 spell levels left.
You knew the following spells:

 Your Spells              Type           Power      Damage    Failure   Level
a - Wereblood             Tmut           34%        N/A       1%          2
b - Hydra Form            Tmut           17%        N/A       7%          5
c - Ice Form              Ice/Tmut       25%        N/A       9%          4
x - Spider Form           Tmut/Pois      11%        N/A       4%          3
z - Beastly Appendage     Tmut           68%        N/A       1%          1

Your spell library contained the following spells:

 Spells                   Type           Power      Damage    Failure   Level
 Animate Skeleton         Necr           12%        N/A       11%         1
 Magic Dart               Conj           24%        1d4       11%         1
 Pain                     Necr           24%        1d5       11%         1
 Blink                    Tloc           N/A        N/A       16%         2
 Call Imp                 Summ           6%         N/A       16%         2
 Searing Ray              Conj           12%        3d3       16%         2
 Slow                     Hex            6%         N/A       16%         2
 Sublimation of Blood     Necr           3%         N/A       16%         2
 Petrify                  Tmut/Erth      20%        N/A       16%         4
 Mephitic Cloud           Conj/Pois/Air  7%         N/A       28%         3
 Confusing Touch          Hex            6%         N/A       32%         3
 Conjure Flame            Conj/Fire      6%         6-21      32%         3
 Gell's Gravitas          Tloc           3%         N/A       32%         3
 Vampiric Draining        Necr           3%         2d6       32%         3
 Yara's Violent Unravell  Hex/Tmut       10%        3d6       41%         5
 Animate Dead             Necr           3%         N/A       71%         4
 Metabolic Englaciation   Hex/Ice        5%         N/A       85%         5
 Agony                    Necr           6%         N/A       96%         5


Dungeon Overview and Level Annotations

Branches:
Dungeon (10/15)            Temple (0/1) D:5            Lair (3/6) D:10
  Swamp (0/4) Lair:3       Spider (0/4) Lair:3      Volcano (visited)
    Orc: D:9-12

Altars:
Cheibriados
Fedhas
Gozag
Hepliaklqana
Qazlal
Ru
Trog
Uskayaw
Wu Jian
Zin
The Shining One

Shops:
D:5 (   D:6 (   D:7 [

Annotations:
D:10 Erolcha
Lair:1 1 runed translucent door, bilbop's ghost, journeyman DjAE
Lair:3 Nergalle


Innate Abilities, Weirdness & Mutations

You have temporarily grown beastly horns and talons.
You can breathe blasts of fire.
Your fiery red scales are hard. (AC +8)
You cannot fit into any form of body armour.
Your flesh is heat resistant. (rF+)
You are cold-blooded and may be slowed by cold attacks.
You are very dopey. (Int -4)


Message History

Casting: Beastly Appendage (safe; 1% risk of failure)
Confirm with . or Enter, or press ? or * to list all spells.
Your blood is infused with primal strength.
Unknown command.
The komodo dragon closely misses you.
You hit the komodo dragon but do no damage.
The komodo dragon bites you!!
Unknown command.
You hit the komodo dragon but do no damage.
Your kick misses the komodo dragon.
You headbutt the komodo dragon, but do no damage.
The komodo dragon bites you.
Unknown command.
You punch the komodo dragon!
The komodo dragon is moderately wounded.
The komodo dragon misses you.
Unknown command.
You punch the komodo dragon!
You claw the komodo dragon, but do no damage.
You headbutt the komodo dragon. You tail-slap the komodo dragon.
The komodo dragon is severely wounded.
The komodo dragon barely misses you.
You closely miss the komodo dragon. You claw the komodo dragon.
The komodo dragon is severely wounded.
You barely miss the komodo dragon.
You claw the komodo dragon, but do no damage.
The komodo dragon is severely wounded.
The komodo dragon barely misses you.
You punch the komodo dragon!
You claw the komodo dragon, but do no damage.
You punch the komodo dragon, but do no damage.
The komodo dragon is almost dead.
The komodo dragon bites you!
* * * LOW HITPOINT WARNING * * *
Unknown command.
You hit the komodo dragon. Your headbutt misses the komodo dragon.
The komodo dragon is almost dead.
The komodo dragon bites you!!
You die...
Your body crumbles into a pile of gold.

#.....##.##.....**,,,*,***
#...#........P.###.,,,**,***
#.##...............,,,*,,,,,
#.###....P.........,,,,*,,,*
**#.#*#....#.#.......,,,,,,,**
***,#....##...#......,,,,,,,,,**
*,,......#......P...P***,,,,,,,,
**,,.#....#.......###*****,**,,,,
*,,,....###P....@##*,##*,###,,*,,
,,,,....#....P.l#####.#.....,,*,,
,,,,...,#.#..#.#.....o<....#***,,
,,,,,,,,#.........#.#.....#.,,*,,
*,***,*,#...................,,,,,
*****,*...........##.l....:.,,,,,
*,,,,.......#..##*###l...#,,,,,
*,,,,....#......,,*,*P.PPP,,,,,
*,,,,,...P...#.#,,,,,,....,,,,,


You could see a komodo dragon.

Vanquished Creatures
  A fire dragon (Volcano)
  A hydra (Lair:2)
  A two-headed ogre (D:9)
  Erica (D:8)
  A hell hog (Volcano)
  A flayed ghost (Abyss:3)
  Pikel (D:5)
  2 cyclopes
  Maurice (D:8)
  3 cane toads
  A gargoyle (Volcano)
  A kobold demonologist (D:6)
  3 komodo dragons
  A troll (D:10)
  3 hornets
  5 yaks (Lair:2)
  2 wyverns
  15 fire bats (Volcano)
  A basilisk (Lair:2)
  Grum (D:8)
  A steam dragon (Volcano)
  A neqoxec (Abyss:2)
  4 vampire mosquitoes (D:10)
  Duvessa (D:7)
  4 water moccasins
  4 orc warriors
  2 ice beasts (D:7)
  9 centaurs
  2 phantoms
  6 wolves
  A lemure (D:5)
  A kobold brigand (D:8)
  6 bullfrogs
  3 scorpions
  A wyvern zombie (D:8)
  Dowan (D:7)
  A water moccasin zombie (D:5)
  7 wights
  A howler monkey (D:8)
  A crimson imp (D:10)
  A bullfrog zombie (D:5)
  4 lava snakes (Volcano)
  5 jellies
  2 orc priests
  Crazy Yiuf (D:4)
  A hound (D:5)
  A centaur skeleton (D:5)
  Natasha (D:2)
  A gnoll shaman (D:4)
  4 iguanas
  3 orc wizards
  3 killer bee zombies
  A hound zombie (D:5)
  5 adders
  4 gnolls (D:4)
  A white imp (D:8)
  An adder zombie (D:5)
  A worm (D:2)
  A dart slug (D:3)
  29 orcs
  5 endoplasms
  5 giant cockroaches
  5 hobgoblins
  10 jackals
  5 quokkas
  7 ball pythons
  8 bats
  4 frilled lizards
  6 goblins
  8 kobolds
236 creatures vanquished.

Vanquished Creatures (others)
  15 fungi
  8 plants
23 creatures vanquished.

Grand Total: 259 creatures vanquished

Notes
Turn   | Place    | Note
-------+----------+-------------------------------------------
     0 | D:1      | omniraptor the Draconian Transmuter began the quest for the
                  | Orb.
     0 | D:1      | Reached XP level 1. HP: 16/16 MP: 3/3
   290 | D:1      | Reached XP level 2. HP: 20/23 MP: 3/5
   703 | D:1      | Found a faded altar of an unknown god.
   792 | D:1      | Became a worshipper of Gozag Ym Sagoz the Greedy
   894 | D:1      | Reached XP level 3. HP: 23/28 MP: 4/6
  1245 | D:1      | Learned a level 2 spell: Wereblood
  1561 | D:2      | Reached skill level 4 in Unarmed Combat
  1862 | D:2      | Found a stormy altar of Qazlal.
  1882 | D:2      | Noticed Natasha
  2264 | D:2      | Killed Natasha
  2265 | D:2      | Reached XP level 4. HP: 34/35 MP: 5/7
  2595 | D:3      | Found a sacrificial altar of Ru.
  2833 | D:3      | Learned a level 3 spell: Spider Form
  3545 | D:4      | Found a runed translucent door.
  3546 | D:4      | Noticed Crazy Yiuf
  3569 | D:4      | Reached XP level 5. HP: 37/40 MP: 2/9
  3873 | D:4      | Identified the +6 scale mail of the Comet {Fly Dex-3
                  | Slay+4}
  4256 | D:4      | Reached XP level 6. HP: 37/48 MP: 10/10
  4426 | D:4      | Learned a level 4 spell: Ice Form
  4464 | D:4      | Identified a scroll of acquirement
  4465 | D:4      | Acquired the ring of Absolutism {Contam Fly rPois Int+4}
  4712 | D:4      | Killed Crazy Yiuf
  4993 | D:5      | Entered Level 5 of the Dungeon
  5029 | D:5      | Reached skill level 5 in Unarmed Combat
  5135 | D:5      | Found Falias's Weapon Shop.
  5154 | D:5      | Found a staircase to the Ecumenical Temple.
  5210 | D:5      | Noticed Pikel
  5240 | D:5      | Killed Pikel
  5241 | D:5      | Reached skill level 1 in Stealth
  5241 | D:5      | Your scales start taking on a fiery red colour.
  5241 | D:5      | Reached XP level 7. HP: 39/53 MP: 3/13
  5241 | D:5      | Gained mutation: Your flesh is heat resistant. (rF+) [Red
                  | Draconian growth]
  5368 | D:5      | Reached skill level 6 in Unarmed Combat
  5412 | D:5      | Reached XP level 8. HP: 32/61 MP: 14/14
  5634 | D:5      | Found a glowing silver altar of Zin.
  6267 | D:6      | Found Supeahov's Weapon Emporium.
  6368 | D:6      | Reached skill level 5 in Spellcasting
  6688 | D:6      | Noticed a kobold demonologist
  6698 | D:6      | Killed a kobold demonologist
  6699 | D:6      | Reached skill level 7 in Unarmed Combat
  6699 | D:6      | Reached skill level 5 in Transmutations
  7399 | D:7      | Noticed a hornet
  7420 | D:6      | Killed a hornet
  7421 | D:6      | Reached XP level 9. HP: 36/67 MP: 9/17
  7769 | D:7      | Reached skill level 8 in Unarmed Combat
  7919 | D:7      | Noticed Dowan
  7985 | D:7      | Found Xairinou's Armour Boutique.
  8005 | D:7      | Bought a +1 hat for 165 gold pieces
  8061 | D:7      | Found a hide-covered altar of Uskayaw.
  8185 | D:7      | Paralysed by a hornet for 3 turns
  8401 | D:7      | Noticed Duvessa
  8409 | D:7      | Killed Duvessa
  8410 | D:7      | Reached skill level 1 in Poison Magic
  8500 | D:7      | Killed Dowan
  8754 | D:8      | Noticed Erica
  8766 | D:8      | Killed Erica
  8767 | D:8      | Reached skill level 1 in Ice Magic
  8985 | D:8      | Reached XP level 10. HP: 71/74 MP: 18/20
  9011 | D:8      | Noticed Grum
  9015 | D:8      | Noticed Maurice
  9045 | D:8      | Killed Grum
  9327 | D:8      | Killed Maurice
  9559 | D:8      | Noticed a cyclops
  9570 | D:8      | Killed a cyclops
  9571 | D:8      | Reached skill level 5 in Dodging
  9571 | D:8      | Reached skill level 9 in Unarmed Combat
 10836 | D:9      | Found a bloodstained altar of Trog.
 10844 | D:9      | Found a hazy altar of Hepliaklqana.
 10847 | D:9      | Found a stormy altar of Qazlal.
 10850 | D:9      | Found a glowing golden altar of the Shining One.
 10995 | D:9      | Found a snail-covered altar of Cheibriados.
 11007 | D:9      | Found a blossoming altar of Fedhas.
 11067 | D:9      | Noticed a two-headed ogre
 11084 | D:9      | Killed a two-headed ogre
 11435 | D:9      | Identified the +7 mace "Qeuvesi Qugy" {vorpal, Drain rC+++
                  | Will+ Str+4}
 11755 | D:10     | Entered Level 10 of the Dungeon
 11960 | D:10     | Noticed Erolcha
 12265 | D:10     | Reached skill level 10 in Unarmed Combat
 12318 | D:10     | Reached XP level 11. HP: 73/82 MP: 16/22
 12724 | D:10     | Found a staircase to the Lair.
 13062 | D:10     | Found an ornate altar of the Wu Jian Council.
 13136 | D:10     | Noticed a wizard
 13137 | D:10     | Cast into level 3 of the Abyss (a wizard)
 13163 | Abyss:3  | Noticed a flayed ghost
 13182 | Abyss:3  | Killed a flayed ghost
 13215 | Abyss:3  | Noticed an eidolon
 13228 | Abyss:3  | Noticed a glowing orange brain
 13230 | Abyss:3  | Noticed a wretched star
 13234 | Abyss:3  | Noticed a wretched star
 13245 | D:10     | Escaped the Abyss
 13280 | D:9      | Cast into level 2 of the Abyss (a wizard)
 13370 | D:9      | Escaped the Abyss
 13386 | D:9      | Cast into level 2 of the Abyss (a wizard)
 13406 | Abyss:2  | Gained mutation: You are dopey. (Int -2) [a neqoxec]
 13408 | Abyss:2  | Gained mutation: You are very dopey. (Int -4) [a neqoxec]
 13465 | D:9      | Escaped the Abyss
 13524 | D:10     | Identified the +7 rapier "Vieggy" {elec, +Rage rF+ Stlth+}
 13534 | D:10     | Identified Loyxt's Collected Works on Sinister Arts and
                  | Confrontation
 13725 | Lair:1   | Entered Level 1 of the Lair of Beasts
 13997 | Lair:1   | Found a runed translucent door.
 13999 | Lair:1   | Noticed bilbop's ghost (journeyman DjAE)
 14006 | Lair:1   | You are sucked into a shaft and drop 1 floor!
 14013 | Lair:2   | Found a dark tunnel.
 14022 | Volcano  | Entered a volcano
 14663 | Volcano  | Found a bloodstained altar of Trog.
 14663 | Volcano  | Noticed a hell hog
 14685 | Volcano  | Killed a hell hog
 14702 | Volcano  | Noticed a fire dragon
 14713 | Volcano  | Killed a fire dragon
 14730 | Volcano  | Reached skill level 11 in Unarmed Combat
 15014 | Lair:2   | Reached skill level 5 in Stealth
 15055 | Lair:2   | Learned a level 5 spell: Hydra Form
 15090 | Lair:2   | Noticed a five-headed hydra
 15099 | Lair:2   | Killed a five-headed hydra
 15452 | Lair:2   | Reached XP level 12. HP: 74/91 MP: 17/24
 16392 | Lair:3   | Noticed Nergalle
 16413 | Lair:3   | Slain by a komodo dragon

Illustrated notes

Levels and vault maps discovered:
D:1:      wander_arrival_fairy_ring, layout_basic,
          shapermc_ecumenical_altar_hornbeckon, minmay_pentomino_t4
D:2:      layout_loops_ring, basic_altar, uniq_natasha
D:3:      layout_basic, general_overflow_altar
D:4:      layout_gridville, uniq_crazy_yiuf_cottage
D:5:      layout_loops_cross, zin_academy, temple_green, serial_shops, shop,
          uniq_pikel
D:6:      layout_layer_cave, serial_shops, shop
D:7:      layout_basic, lemuel_round_altar, serial_shops, shop, uniq_duvessa
D:8:      kennysheep_six_static_rooms, layout_loops_ring, hangedman_glass_teeth,
          uniq_erica, uniq_maurice, uniq_grum
D:9:      layout_basic, lemuel_round_altar, lemuel_crystal_altar,
          grunt_temple_overflow_cloverleaf
D:10:     layout_loops_corners, marbit_many_paths,
          grunt_lair_entry_orc_guard_hut, lightli_wizard_tower, uniq_erolcha
Lair:1:   statuecave_lemuel, layout_chaotic_city, ebering_ghost_reflecting_pool
Lair:2:   layout_hall_layers, nicolae_volcano_entry_two_sided,
          serial_bayou_pond_e, st_stairs_13, lemuel_fruit_tree
Lair:3:   layout_misc_corridors, nicolae_swamp_entry_splash_gauntlet,
          nicolae_spider_entry_tight_spaces, gauntlet_entry_generic,
          uniq_gastronok, uniq_nergalle

Skill      XL: |  1  2  3  4  5  6  7  8  9 10 11 12 |
---------------+-------------------------------------+-----
Unarmed Combat | 4 5 6 7 8 10 11 | 11.5
Dodging        | 2 3 4 5 6 |  6.8
Spellcasting   | 3 4 5 7 8 9 |  9.0
Transmutations | 3 4 5 6 7 9 |  9.1
Stealth        | 1 2 3 5 |  5.0
Fighting       | 2 3 4 |  4.1
Poison Magic   | 1 |  1.0
Ice Magic      | 1 3 |  3.0
Throwing       | |  0.2
Evocations     | |  0.2

Action                   |  1- 3 |  4- 6 |  7- 9 | 10-12 || total
-------------------------+-------+-------+-------+-------++-------
Melee: Unarmed           |   160 |   128 |   150 |   301 ||   739
       Headbutt          |    12 |    13 |    24 |    26 ||    75
       Kick              |    13 |    23 |    31 |    42 ||   109
       Tailslap          |    10 |    11 |    20 |    16 ||    57
       Punch             |     1 |     4 |     1 |     7 ||    13
Throw: Dart              |       |       |       |     2 ||     2
 Cast: Beastly Appendage |    30 |    25 |    23 |    23 ||   101
       Wereblood         |     2 |     4 |     6 |    15 ||    27
       Spider Form       |       |     3 |     6 |    12 ||    21
       Ice Form          |       |       |     1 |    11 ||    12
 Abil: Breathe Fire      |       |       |    26 |    44 ||    70
       End Transformatio |       |       |     4 |     3 ||     7
Evoke: Wand              |       |     1 |     1 |     1 ||     3
  Use: Scroll            |     5 |     4 |     2 |    12 ||    23
       Potion            |     3 |     4 |     2 |     6 ||    15
 Stab: Sleeping          |       |     2 |       |       ||     2
       Distracted        |       |       |     1 |       ||     1
       Invisible         |       |       |       |     1 ||     1
Armor: Skin              |    56 |    32 |    35 |    74 ||   197
Dodge: Dodged            |   116 |    74 |   113 |   282 ||   585

Table legend: (Time is in decaauts)
 A = Elapsed time spent in this place.
 B = Non-inter-level travel time spent in this place.
 C = Inter-level travel time spent in this place.
 D = Time resting spent in this place.
 E = Time spent auto-exploring this place.
 F = Levels seen in this place.
 G = Mean time per level.
                   A        B        C        D        E       F      G
               +--------+--------+--------+--------+--------+-----+--------+
         Total |  16327 |  15955 |    372 |   1262 |  11989 |  17 |  960.4 |
       Dungeon |  13412 |  13071 |    341 |    751 |  10332 |  10 | 1341.2 |
          Lair |   1738 |   1707 |     31 |    250 |   1176 |   3 |  579.3 |
         Abyss |    274 |    274 |      0 |     15 |      0 |   3 |   91.3 |
       Volcano |    901 |    901 |      0 |    246 |    480 |   1 |  901.0 |
               +--------+--------+--------+--------+--------+-----+--------+

Top non-repeatable levels by time:
     D:8: 1945 daAuts
    D:10: 1659 daAuts
     D:4: 1530 daAuts
     D:1: 1527 daAuts
     D:6: 1453 daAuts
  Lair:2: 1362 daAuts
     D:9: 1284 daAuts
     D:5: 1142 daAuts
     D:2: 978 daAuts
     D:3: 962 daAuts
     D:7: 929 daAuts
 Volcano: 901 daAuts
  Lair:1: 276 daAuts
 Abyss:2: 168 daAuts
 Abyss:3: 106 daAuts
